 Dungeon Crawl Stone Soup version 0.30.0-29-ga12c61a403 (webtiles) character file.

Game seed: 7982781536255990658

39 BONEBRO the Sneak (level 3, -6/29 HPs)
             Began as a Human Delver on June 20, 2023.
             Killed by divine providence
             ... invoked by an orc priest
              (10 damage)
             ... on level 5 of the Dungeon.
             The game lasted 00:01:10 (144 turns).

BONEBRO the Sneak (Human Delver)                     Turns: 144, Time: 00:01:10

Health: -6/29      AC:  8    Str: 14    XL:     3   Next: 67%
Magic:  3/3        EV:  7    Int: 10    God:
Gold:   0          SH:  0    Dex: 14    Spells: 2/2 levels left

rFire   . . .        a - +0 spear
rCold   . . .        (no shield)
rNeg    . . .        i - +0 chain mail
rPois   .            (no helmet)
rElec   .            (no cloak)
rCorr   .            (no gloves)
SInv    .            (no boots)
Will    .....        (no amulet) Stlth
                     (no ring)
HPRegen 0.24/turn    (no ring)
MPRegen 0.08/turn

%: no passive effects
@: confused
A: no striking features
a: no special abilities


You were on level 5 of the Dungeon.
You visited 1 branch of the dungeon, and saw 1 of its levels.

Inventory:

Hand Weapons
 a - a +0 spear (weapon)
Armour
 b - a +0 leather armour
 i - a +0 chain mail (worn)
Wands
 g - a wand of digging (3)
Scrolls
 c - a scroll of fog
 d - a scroll of magic mapping
 h - a scroll of noise {unknown}
Potions
 f - a potion of haste
 j - a potion of curing {unknown}


   Skills:
 - Level 3.0 Fighting
 + Level 3.7 Polearms
 - Level 2.0 Dodging
 - Level 5.0 Stealth


You had 2 spell levels left.
You didn't know any spells.
Your spell library was empty.

Dungeon Overview and Level Annotations

Branches:
Dungeon (5/15)
 Temple: D:4-7

Altars:


Message History

The jelly barely misses you.
You hit the jelly.
Your hands burn!
The jelly is almost dead.
The jelly hits you but does no damage.
You hit the jelly.
Your hands burn!
* * * LOW HITPOINT WARNING * * *
The jelly is almost dead.
The jelly hits you but does no damage.
You hit the jelly.
You kill the jelly!
Your Polearms skill increases to level 3!
You have reached level 3!
Your experience leads to an increase in your attributes!
Increase (S)trength, (I)ntelligence, or (D)exterity?
You feel stronger. x2
As you read the scroll of fear, it crumbles to dust.
You assume a fearsome visage.
The orc looks frightened!
The howler monkey looks frightened!
An orc wizard comes into view. It is wielding a +0 dagger.
An orc priest comes into view. It is wielding a +0 short sword.
An orc comes into view. It is wielding a +0 mace.
The orc shouts!
The orc wizard hits you with a +0 dagger.
* * * LOW HITPOINT WARNING * * *
The orc moves out of view.
The orc wizard attacks as you move away!
The orc wizard hits you with a +0 dagger.
* * * LOW HITPOINT WARNING * * *
The orc wizard casts a spell at you. The magic dart hits you.
* * * LOW HITPOINT WARNING * * *
The orc wizard gestures wildly while chanting.
The orc wizard flickers and vanishes!
Deactivating autopickup; reactivate with Ctrl-A.
You are confused.
You bump into the rock wall.
The orc priest looks satisfied for a moment.
The orc priest calls down the wrath of Beogh upon you.
Beogh smites you!
You die...

# .# .# #. .........
..........
.......o..## .
###....#...## ...
#...o.##..######..#
#...#.###.##.@...#
#.o.#..##..o.#####
#...#..o..####
#...#.#....#
##...##.....#
##..######....#
#..## ##....
####.##########.##..
.........h.(....# #


You could see an orc priest and an orc.

Vanquished Creatures
  A jelly (D:5)
  An adder (D:5)
2 creatures vanquished.

Notes
Turn   | Place    | Note
-------+----------+-------------------------------------------
     0 | D:5      | BONEBRO the Human Delver began the quest for the Orb.
     0 | D:5      | Reached XP level 1. HP: 18/18 MP: 1/1
    54 | D:5      | Reached XP level 2. HP: 16/24 MP: 2/2
   116 | D:5      | Noticed a howler monkey
   131 | D:5      | Reached XP level 3. HP: 8/29 MP: 3/3
   144 | D:5      | Killed from afar by an orc priest

Illustrated notes

Levels and vault maps discovered:
D:5:      layout_rooms, mainiacjoe_overflow_24_doors

Skill      XL: |  1  2 |
---------------+-------+-----
Polearms       | 3 |  3.7
Fighting       | |  3.0
Dodging        | |  2.0
Stealth        | |  5.0

Action                     || total
---------------------------++-------
  Melee: Spear             ||    24
    Use: Scroll            ||     1
 Armour: Chain mail        ||    19
  Dodge: Dodged            ||     4
